 Dungeon Crawl Stone Soup version 0.17-a0-877-ga10078a (webtiles) character file.

80 hornqvist the Shield-Bearer (level 4, -10/35 HPs)
             Began as a Formicid Fighter on Apr 30, 2015.
             Was an Initiate of Gozag.
             Killed by divine providence
             ... invoked by an orc priest
              (15 damage)
             ... on level 3 of the Dungeon.
             The game lasted 00:01:27 (1310 turns).

hornqvist the Shield-Bearer (Formicid Fighter)      Turns: 1310, Time: 00:01:27

Health: -10/35     AC: 11    Str: 21    XL:     4   Next: 65%
Magic:  4/4        EV:  5    Int:  8    God:    Gozag
Gold:   109        SH:  9    Dex: 10    Spells: 0 memorised, 3 levels left

rFire  . . .     SeeInvis +     a - +0 war axe
rCold  . . .     Clarity  .     y - +0 plate armour
rNeg   . . .     SustAb   +     c - +0 shield
rPois  .         Gourm    .     (helmet unavailable)
rElec  .         Spirit   .     (no cloak)
rCorr  .         Warding  .     (no gloves)
rMut   .         Stasis   +     (no boots)
MR     .....                    (no amulet)
Stlth  ..........               (no ring)
                                q - ring of sustain abilities

@: not resistant to hostile enchantments, extremely unstealthy
A: permanent stasis, dig shafts and tunnels, four strong arms, antennae 3
a: Dig, Shaft Self, Potion Petition, Call Merchant, Bribe Branch, Renounce
Religion


You were on level 3 of the Dungeon.
You worshipped Gozag.
Gozag was noncommittal.
You were near starving.

You visited 1 branch of the dungeon, and saw 3 of its levels.

You collected 119 gold pieces.
You paid 10 gold pieces to Gozag.

Inventory:

Hand weapons
 a - a +0 war axe (weapon)
Armour
 b - a +0 scale mail
 c - a +0 shield (worn)
 s - a +0 chain mail
 y - a +0 plate armour (worn)
Jewellery
 q - a ring of sustain abilities (left hand)
Scrolls
 f - a scroll of enchant weapon {unknown}
 h - a scroll of remove curse {unknown}
 j - a scroll of enchant armour {unknown}
 l - a scroll of amnesia {unknown}
 p - 2 scrolls of blinking {unknown}
 r - a scroll of identify {unknown}
 v - a scroll of magic mapping {unknown}
 z - a scroll of fog {unknown}
Potions
 d - 2 potions of might
 i - a potion of lignification {unknown}
 k - a potion of flight {unknown}
 n - a potion of brilliance {unknown}
 o - a potion of invisibility {unknown}
 t - a potion of curing {unknown}
 u - a potion of poison {unknown}
 w - a potion of heal wounds {unknown}
 x - a potion of agility {unknown}
Comestibles
 e - a bread ration
 m - a meat ration


   Skills:
 - Level 3.2 Fighting
 * Level 3.2 Axes
 - Level 3.2 Armour
 + Level 2.0 Dodging
 + Level 4.3 Shields


You had 3 spell levels left.
You didn't know any spells.

Dungeon Overview and Level Annotations

Branches:
Dungeon (3/15)

Altars:
Fedhas
Gozag
Kikubaaqudgha
Qazlal


Innate Abilities, Weirdness & Mutations

You are under a permanent stasis effect.
You can dig through walls and to a lower floor.
Your four strong arms can wield two-handed weapons with a shield.
You have a pair of large antennae on your head (SInv).


Message History

You closely miss the orc. You barely miss the rat. You block the orc's attack.
The orc priest hits you but does no damage.
You block the rat's attack. The orc hits you but does no damage.
Your plate armour prevents you from hitting the orc.
You barely miss the rat.
The orc priest invokes the aid of Beogh against you.
Something smites you!
* * * LOW HITPOINT WARNING * * *
The rat barely misses you. The orc hits you but does no damage.
The orc priest hits you from afar with a trident.
* * * LOW HITPOINT WARNING * * *
You take 12 damage, and have 5/35 hp.
MASSIVE DAMAGE!!
You are too injured to fight recklessly!
Drink which item? (? for menu, Esc to quit)
It was a potion of cure mutation.
It has a very clean taste.
You block the rat's attack. You block the orc's attack.
The orc priest calls down the wrath of Beogh upon you.
Something smites you!
You die...
Your body crumbles into a pile of gold.

.# #.# .# ...... .#
#......
.###############....... $
........................
........##.[...#........
........##.....#o.o.....
........##.....#ro...#
.)....#.##.....#@#
......#.##.....#.#
......#.#####.##'####...$
......#.# #............
##'####+# #...........
#.# #........... #.##
#........... #..#
#.......... ###.###
#.........


You could see 2 orc priests, an orc and a rat.

Vanquished Creatures
  3 adders
  An ooze (D:1)
  2 worms (D:2)
  3 giant geckos
  2 orcs (D:3)
  6 bats
  3 giant cockroaches
  7 hobgoblins
  2 kobolds (D:1)
  A giant newt (D:3)
  6 goblins
  8 rats
44 creatures vanquished.

Notes
Turn   | Place    | Note
--------------------------------------------------------------
     0 | D:1      | hornqvist, the Formicid Fighter, began the quest for the Orb.
     0 | D:1      | Reached XP level 1. HP: 18/18 MP: 1/1
   219 | D:1      | Reached XP level 2. HP: 17/24 MP: 2/2
   274 | D:1      | Reached skill level 1 in Dodging
   595 | D:1      | Reached XP level 3. HP: 29/29 MP: 3/3
   612 | D:2      | Reached skill level 4 in Shields
   684 | D:2      | Found a stormy altar of Qazlal.
   696 | D:2      | Found an ancient bone altar of Kikubaaqudgha.
   758 | D:2      | Found an opulent altar of Gozag.
   794 | D:2      | Became a worshipper of Gozag Ym Sagoz the Greedy
   803 | D:2      | Found a blossoming altar of Fedhas.
  1042 | D:3      | Reached XP level 4. HP: 26/35 MP: 4/4
  1310 | D:3      | Killed from afar by an orc priest

Action                   |  1- 3 |  4- 6 || total
-------------------------+-------+-------++-------
Melee: War axe           |    84 |    55 ||   139
  Use: Potion            |       |     1 ||     1
